cohdb
Replays
Latest Replays
All Replays
Popular Replays
Top Player Replays
Match Explorer
How It Works
Community
CoH3 Stats
Reddit
Sign in to upload your games and track your stats! →
Sign in with Steam
Match 43356928
Unlisted
Match 43356928
Overview
Messages
Build Orders
End
Construct Section Command Post
Vickers Machine Gun Team
Selects Canadian Shock Battlegroup
Dingo Light Scout Car
Infantry Section
Infantry Section
Construct Platoon Command Post
Selects Attacking Spirit
Selects Canadian Shock Section
Canadian Shock Section
Selects Incendiary Munitions
Grenade Package
Construct Field Infirmary
Canadian Shock Section
Selects Pyrotechnics
Infantry Training
Unlock Bishop Self-propelled Artillery
Bishop Self-propelled Artillery
Light Vehicle Training
Construct Company Command Post
Unlock M3 Grant Medium Tanks
M3 Grant Medium Tank
Armored Vehicle Training
Selects Churchill Crocodile Heavy Tank
B1t
SkyCurv
Gaster
Pukich
V50DOO
库腾堡剑圣五河士道
XUAN ZHUAN
ITCI
0
0
Comments
sign in to comment!
No comments posted yet!